 Dungeon Crawl Stone Soup version 0.30-a0-169-g06f667207d (webtiles) character file.

Game seed: 3065411308741861572

61 qw the Chopper (level 4, -5/28 HPs)
             Began as a Gargoyle Fighter on Sept 30, 2022.
             Slain by Grinder (7 damage)
             ... on level 3 of the Dungeon.
             The game lasted 00:00:39 (2103 turns).

qw the Chopper (Gargoyle Fighter)                   Turns: 2103, Time: 00:00:39

Health: -5/28      AC: 11    Str: 22    XL:     4   Next: 7%
Magic:  4/4        EV:  6    Int:  8    God:
Gold:   134        SH:  4    Dex:  9    Spells: 3/3 levels left

rFire   . . .      SeeInvis .    Y - +0 war axe
rCold   . . .      Faith    .    c - +0 buckler
rNeg    + . .      Spirit   .    b - +0 scale mail
rPois   inf        Reflect  .    (no helmet)
rElec   +          Harm     .    (no cloak)
rCorr   .          Rampage  .    g - +0 pair of gloves
Will    .....                    (no boots)
Stlth   ..........               (no amulet)
HPRegen 0.09/turn                (no ring)
MPRegen 0.09/turn                (no ring)

@: grasped by roots, constricted
A: sickness immunity, AC +3, negative energy resistance 1, electricity
resistance, torment resistance 1, petrification resistance
a: no special abilities


You were on level 3 of the Dungeon.
You visited 1 branch of the dungeon, and saw 3 of its levels.

You collected 134 gold pieces.


Innate Abilities, Weirdness & Mutations

You are immune to sickness and miasma.
Your stone body is resilient. (AC +3)
You are immune to poison.
You resist negative energy. (rN+)
You are resistant to electric shocks. (rElec)
You are resistant to unholy torment.
You are immune to petrification.


   Skills:
 - Level 3.2 Fighting
 + Level 3.8 Axes
 - Level 3.2 Armour
 - Level 3.2 Shields


You had 3 spell levels left.
You didn't know any spells.
Your spell library was empty.

Inventory:

Hand Weapons
 e - a +0 whip
 Y - a +0 war axe (weapon)
Armour
 b - a +0 scale mail (worn)
 c - a +0 buckler (worn)
 g - a +0 pair of gloves (worn)
Jewellery
 a - a +4 ring of protection
Scrolls
 i - a scroll of identify {unknown}
Potions
 d - a potion of might
 f - a potion of mutation {unknown}
 h - a potion of curing

Dungeon Overview and Level Annotations

Branches:
Dungeon (3/15)

Altars:

Annotations:
D:3 Grinder


Message History

There is a stone staircase leading down here.
You now have 134 gold pieces (gained 5).
You feel your willpower return.
You see here a staff of earth.
Found a scroll of vulnerability.
i - a scroll labelled ROZILOMIHADGH
Enter note:
Found a stone staircase leading up.
Grinder comes into view.
She is carrying a wand of roots (7).
Grinder shouts!
Grinder gestures at you. Pain shoots through your body!
You closely miss Grinder. Grinder hits you.
You writhe in agony.
You slash Grinder!
Grinder is moderately wounded.
Grinder says, "There's only one good use for a tongue: cutting it out."
Grinder zaps a wand.
The roots erupt in riotous growth!
The grasping roots grab you!
Grinder is unaffected.
The grasping roots constrict you.
You barely miss Grinder.
Grinder is moderately wounded.
Grinder hits you but does no damage. The grasping roots constrict you.
Grinder blinks!
The grasping roots constrict you.
You escape the roots grasp.
Found a bubbling coppery potion.
Grinder zaps a wand.
The roots erupt in riotous growth!
The grasping roots grab you! The grasping roots constrict you.
You escape the roots grasp.
Grinder blinks!
Grinder zaps a wand.
The roots erupt in riotous growth!
The grasping roots grab you!
Grinder is unaffected.
The grasping roots constrict you.
You barely miss Grinder.
Grinder is moderately wounded.
Grinder completely misses you. The grasping roots constrict you.
You slash Grinder!
Grinder is heavily wounded.
Grinder hits you!
You die...

#.# #.# #.###.#
#######.##..######
?................. #
########.##.##..### #.
....###.##.##..#
#####.###...##.##.....#
.!..<...?5.....##.##.##
........@...#####.##.# #
#######.77........##.##.#
#.7..######.......#
#....# ####..... ######
######


You could see Grinder.

Vanquished Creatures
  An adder (D:2)
  2 worms (D:2)
  A dart slug (D:1)
  A ball python (D:1)
  10 endoplasms
  A giant cockroach (D:1)
  6 goblins
  5 hobgoblins
  3 bats
  5 kobolds
  5 rats
40 creatures vanquished.

Notes
Turn   | Place    | Note
-------+----------+-------------------------------------------
     0 | D:1      | qw the Gargoyle Fighter began the quest for the Orb.
     0 | D:1      | Reached XP level 1. HP: 14/14 MP: 1/1
     0 | D:1      | 0 ||| qw: Version: 0.2-a-12-gaebbb33
     0 | D:1      | 0 ||| qw: Game counter: 1420
     0 | D:1      | 0 ||| qw: Always use a shield: true
     0 | D:1      | 0 ||| qw: God list: Okawaru
     0 | D:1      | 0 ||| qw: Allow faded altars: false
     0 | D:1      | 0 ||| qw: Do Orc after D:15 true
     0 | D:1      | 0 ||| qw: Do second Lair branch before Depths: true
     0 | D:1      | 0 ||| qw: Lair rune preference: random
     0 | D:1      | 0 ||| qw: Plans: Normal, Zot:1-4, God:TSO, Crypt, Tomb,
                  | Pan, Slime:5, Hells, Abyss, Orb
     0 | D:1      | 0 ||| PLANNING D:1-11
   114 | D:1      | Found a faded altar of an unknown god.
   274 | D:1      | 274 ||| Stepping ~*~*~tactically~*~*~ (stealth).
   284 | D:1      | 284 ||| Stepping ~*~*~tactically~*~*~ (stealth).
   286 | D:1      | 286 ||| Stepping ~*~*~tactically~*~*~ (stealth).
   425 | D:1      | Reached XP level 2. HP: 19/19 MP: 2/2
   810 | D:1      | HP: 3/19 [frozen (4)]
   812 | D:1      | Reached skill level 3 in Axes
  1102 | D:1      | 1102 ||| Stepping ~*~*~tactically~*~*~ (stealth).
  1104 | D:1      | 1104 ||| Stepping ~*~*~tactically~*~*~ (stealth).
  1190 | D:1      | Reached XP level 3. HP: 23/23 MP: 3/3
  1365 | D:1      | 1365 ||| UPGRADING to +0 pair of gloves.
  1370 | D:1      | 1370 ||| READING scroll labelled VIPSUIN DAEGUE.
  1371 | D:1      | 1371 ||| READING scroll labelled RAIPNI LOVEB.
  1756 | D:2      | Reached XP level 4. HP: 28/28 MP: 4/4
  1911 | D:2      | 1911 ||| READING scroll labelled XEGE APTEWUL.
  2012 | D:2      | 2012 ||| READING scroll labelled RUISUEQ JOTS.
  2013 | D:2      | 2013 ||| DRINKING 2 smoky brown potions.
  2094 | D:3      | Noticed Grinder
  2101 | D:3      | HP: 2/28 [constriction (6)]
  2103 | D:3      | Slain by Grinder

Levels and vault maps discovered:
D:1:      doesnt_arrival_eight_statues, layout_loops_cross,
          hellmonk_ecumenical_altar_blasted, minmay_misc_feat_tiny
D:2:      layout_rooms
D:3:      layout_loops_ring, minmay_overflow_temple_star_quad,
          kennysheep_crisscross, chequers_mini_garden, minmay_joined_circles,
          uniq_grinder

Skill      XL: |  1  2 |
---------------+-------+-----
Axes           | 2 3 |  3.8
Fighting       | |  3.2
Armour         | |  3.2
Shields        | |  3.2

Action                   |  1- 3 |  4- 6 || total
-------------------------+-------+-------++-------
Melee: War axe           |   104 |     9 ||   113
  Use: Scroll            |     2 |     2 ||     4
       Potion            |       |     1 ||     1
Armor: Scale mail        |    34 |     2 ||    36
Dodge: Dodged            |    49 |     1 ||    50
Block: Buckler           |    17 |     1 ||    18

Table legend:
 A = Non-vault XP
 B = Vault XP
 C = Vault XP percentage of total XP
 D = Non-vault monster count
 E = Vault monster count
 F = Vault count percentage of total count
                 A         B        C        D         E       F
            +---------+---------+-------+---------+---------+-------
      Total |      88 |       0 |   0.0 |      40 |       0 |   0.0
            +---------+---------+-------+---------+---------+-------
        D:1 |      46 |       0 |   0.0 |      26 |       0 |   0.0
        D:2 |      42 |       0 |   0.0 |      14 |       0 |   0.0
            +---------+---------+-------+---------+---------+-------
